 Dungeon Crawl Stone Soup version 0.19.5 (webtiles) character file.

45148 Gargoyl the Protected (level 14, -4/121 HPs)
             Began as a Ghoul Abyssal Knight on Mar 31, 2017.
             Was the Champion of Lugonu.
             Slain by a seven-headed hydra (7 damage)
             ... on level 6 of the Lair of Beasts.
             The game lasted 00:49:16 (19497 turns).

Gargoyl the Protected (Ghoul Abyssal Knight)       Turns: 19497, Time: 00:49:18

Health: -4/121     AC: 19    Str: 21    XL:     14   Next: 31%
Magic:  16/21      EV:  5    Int:  5    God:    Lugonu [******]
Gold:   936        SH: 16    Dex: 18    Spells: 0 memorised, 13 levels left

rFire  + + +     SeeInvis .     M - +10 spear of the Enchanted Forest {flame, *Corrode rElec rF+++ Int-2}
rCold  + . .     Gourm    .     q - +2 plate armour
rNeg   + + +     Faith    .     p - +0 large shield
rPois  ∞         Spirit   .     J - +2 helmet "Voboh" {rF++}
rElec  +         Reflect  .     C - +1 cloak
rCorr  .         Harm     .     U - +0 pair of gloves
MR     +....                    o - +1 pair of boots
Stlth  ..........               (no amulet)
                                H - +6 ring of dexterity
                                m - +4 ring of strength

@: corroded, rotting
A: rotting body, claws 1, carnivore 3, cold resistance 1, negative energy
resistance 3, slow regeneration 1, torment resistance, unbreathing
a: Depart the Abyss, Bend Space, Banish, Corrupt, Enter the Abyss, Brand Weapon
With Distortion, Renounce Religion


You were on level 6 of the Lair of Beasts.
You worshipped Lugonu.
Lugonu was exalted by your worship.
You were not hungry.

You visited 2 branches of the dungeon, and saw 17 of its levels.
You visited the Abyss 1 time.
You also visited: Sewer.

You collected 936 gold pieces.

Inventory:

Hand Weapons
 s - a +0 war axe
 z - a +4 hand axe
 M - the +10 spear of the Enchanted Forest (weapon) {flame, *Corrode rElec rF+++ Int-2}
   (You found it on level 11 of the Dungeon)

   It has been specially enchanted to burn those struck by it, causing extra
   injury to most foes and up to half again as much damage against particularly
   susceptible opponents.
   It affects your intelligence (-2).
   It renders you almost immune to fire.
   It insulates you from electricity.
   It may corrode you when you take damage.
 O - a +2 war axe of chopping
 X - the +7 glaive "Qionuz" {protect, rElec Str+2}
   (You found it on level 5 of the Lair of Beasts)

   It protects the one who uses it against injury (+AC on strike).
   It affects your strength (+2).
   It insulates you from electricity.
Missiles
 G - 2 javelins (quivered)
Armour
 o - a +1 pair of boots (worn)
 p - a +0 large shield (worn)
 q - a +2 plate armour (worn)
 C - a +1 cloak (worn)
 J - the +2 helmet "Voboh" (worn) {rF++}
   (You found it on level 8 of the Dungeon)

   It greatly protects you from fire.
 U - a +0 pair of gloves (worn)
Jewellery
 b - an uncursed ring of ice
 m - a +4 ring of strength (left hand)
 H - a +6 ring of dexterity (right hand)
Wands
 e - a wand of iceblast (10/15)
 D - a wand of lightning (12/15)
Scrolls
 d - 7 scrolls of remove curse
 j - 3 scrolls of teleportation
 k - 2 scrolls of amnesia
 t - 2 scrolls of blinking
 u - a scroll of magic mapping
 y - 2 scrolls of identify
 K - 5 scrolls of recharging
 N - 2 scrolls of fog
Potions
 a - a potion of resistance {unknown}
 f - 5 potions of brilliance
 g - 4 potions of curing
 i - 2 potions of might
 l - a potion of invisibility
 n - a potion of ambrosia {unknown}
 w - 4 potions of berserk rage {unknown}
 x - 4 potions of haste {unknown}
 A - 6 potions of flight
Comestibles
 c - 4 meat rations
 h - 9 slices of pizza
 r - a royal jelly
 Y - 9 chunks of flesh


   Skills:
 + Level 10.1 Fighting
 + Level 9.7(10.8) Axes
 + Level 7.6(9.8) Polearms
 + Level 1.0 Throwing
 * Level 12.3 Armour
 + Level 2.6 Dodging
 + Level 6.8 Shields
 * Level 11.8 Invocations


You had 13 spell levels left.
You didn't know any spells.

Dungeon Overview and Level Annotations

Branches:
Dungeon (11/15)            Temple (0/1) D:7            Lair (6/6) D:11
 Shoals (0/4) Lair:4        Snake (0/4) Lair:4          Orc (0/2) D:11
  Slime: Lair:5-6

Altars:
Ashenzari
Cheibriados
Elyvilon
Fedhas
Okawaru
Ru
Trog
Yredelemnul
The Shining One

Annotations:
D:9 Maurice


Innate Abilities, Weirdness & Mutations

Your body is rotting away.
You thrive on raw meat.
You are immune to poison.
You have sharp fingernails.
You are carnivorous and can eat meat at any time.
Your flesh is cold resistant. (rC+)
You are immune to negative energy. (rN+++)
You regenerate slowly when monsters are visible.
You are immune to unholy pain and torment.
You can survive without breathing.


Message History

The seven-headed hydra bites you but does no damage.
You block the seven-headed hydra's attack.
The seven-headed hydra bites you.
* * * LOW HITPOINT WARNING * * *
Your corrosive artefact corrodes you!
The seven-headed hydra bites you!
* * * LOW HITPOINT WARNING * * *
You block the seven-headed hydra's attack.
The seven-headed hydra bites you.
* * * LOW HITPOINT WARNING * * *
The seven-headed hydra bites you.
* * * LOW HITPOINT WARNING * * *
The redback bites you but does no damage.
Space bends sharply around you!
The seven-headed hydra blinks!
The redback blinks!
You blink.
* * * LOW HITPOINT WARNING * * *
You feel yourself speed up. The seven-headed hydra bites you!
* * * LOW HITPOINT WARNING * * *
The seven-headed hydra bites you!
You die...

..........###...+..
.#........##
##...⌠.
......§§..###......
......Sy..P##...##.
#........s......###
#.P....P.#.P.P..# #
#..P.....#.sPP.## #
##.D....##....#####
#@.....#../=.##P÷.
##....##....##....
#....#....##...P#
#..##...##....P#
..#...##.....##
###÷.##....####
#.÷..(..###.P.
####..###..P..
####....P..


You could see a seven-headed hydra, a hornet, a water moccasin and a redback.

Vanquished Creatures
  A fire dragon (Lair:6)
  Fannar (D:10)
  4 hydras
  A death knight (D:10)
  Erica (D:9)
  A skeletal warrior (D:11)
  2 hill giants
  Pikel (D:5)
  An ugly thing (D:11)
  The ghost of Agorwal the Carver, a novice MiGl of Okawaru (D:8)
  A cyclops (D:11)
  10 elephants
  4 black mambas
  Joseph (D:9)
  11 spiny frogs
  A centaur skeleton (D:11)
  A freezing wraith (D:11)
  10 komodo dragons
  4 rime drakes
  2 trolls
  A polar bear (Lair:5)
  7 blink frogs (Lair:4)
  2 two-headed ogres
  8 hippogriffs
  8 dream sheep
  Grinder (D:3)
  6 wyverns
  A spriggan (D:8)
  The ghost of Agorwal the Conjurer, an amateur DECj of Vehumet (D:4)
  2 wraiths (D:11)
  A vampire (D:11)
  4 fire bats (Lair:4)
  35 yaks
  2 basilisks
  2 steam dragons (Lair:6)
  Edmund (D:6)
  Menkaure (D:6)
  2 hungry ghosts
  3 mottled dragons
  5 nagas (Lair:4)
  10 porcupines
  11 water moccasins
  A swamp drake (Lair:6)
  3 ice beasts
  4 orc warriors
  2 phantoms
  3 slaves (D:5)
  A sky beast (D:5)
  A black bear (D:11)
  5 ogres
  9 centaurs
  10 wolves
  10 crocodiles
  3 big kobolds
  11 bullfrogs
  Blork the orc (D:4)
  A wyvern zombie (D:9)
  A wyvern skeleton (D:4)
  2 jellies
  3 scorpions
  A killer bee (D:8)
  A water moccasin skeleton (D:7)
  3 electric eels
  7 crimson imps
  A howler monkey (D:10)
  A hound (D:5)
  A bullfrog skeleton (D:8)
  A bullfrog zombie (D:5)
  A gnoll shaman (D:4)
  10 orc priests
  13 orc wizards
  Crazy Yiuf (D:6)
  5 iguanas
  Terence (D:1)
  11 worker ants
  A killer bee zombie (D:8)
  3 hound skeletons
  2 hound zombies
  2 howler monkey zombies
  15 adders
  2 river rats (Sewer)
  3 shadow imps
  An ooze (D:3)
  2 adder skeletons
  2 adder zombies (D:9)
  2 dart slugs
  12 leopard geckos
  63 orcs
  A ball python (D:7)
  6 giant cockroaches
  5 goblins
  8 hobgoblins
  2 jackals
  A quokka (D:8)
  5 bats
  6 frilled lizards
  31 kobolds
  A leopard gecko skeleton (D:7)
  7 rats
485 creatures vanquished.

Vanquished Creatures (others)
  The ghost of Turtleman12345 the Cleaver, a journeyman MiFi of Makhleb (Lair:2)
  2 oklob plants
  A porcupine (Lair:2)
  A bullfrog (D:6)
  An iguana (Lair:6)
  A bush (Lair:6)
  23 fungi
  27 plants
57 creatures vanquished.

Grand Total: 542 creatures vanquished

Notes
Turn   | Place    | Note
-------+----------+-------------------------------------------
     0 | Abyss:1  | Gargoyl the Ghoul Abyssal Knight began the quest for the Orb.
     0 | Abyss:1  | Reached XP level 1. HP: 19/19 MP: 1/1
    48 | Abyss:1  | Noticed an apocalypse crab
    49 | D:1      | Escaped the Abyss
   123 | D:1      | Reached skill level 1 in Dodging
   167 | D:1      | Reached skill level 2 in Armour
   233 | D:1      | Reached XP level 2. HP: 23/26 MP: 2/2
   293 | D:1      | Reached * piety under Lugonu
   746 | D:2      | Noticed Terence
   797 | D:1      | Killed Terence
   797 | D:1      | Reached XP level 3. HP: 14/33 MP: 3/3
  1120 | D:2      | Found a bloodstained altar of Trog.
  1131 | D:2      | Reached XP level 4. HP: 40/40 MP: 4/4
  1183 | D:2      | Found a faded altar of an unknown god.
  1183 | D:2      | Found a glowing golden altar of the Shining One.
  1188 | D:2      | Found a faded altar of an unknown god.
  1190 | D:2      | Found a faded altar of an unknown god.
  1191 | D:2      | Found a faded altar of an unknown god.
  1801 | D:3      | Reached skill level 3 in Armour
  1801 | D:3      | Reached XP level 5. HP: 27/46 MP: 5/5
  2035 | D:3      | Found a sacrificial altar of Ru.
  2153 | D:3      | Reached ** piety under Lugonu
  2202 | D:3      | Noticed Grinder
  2205 | D:3      | Paralysed by Grinder for 4 turns
  2217 | D:3      | Paralysed by Grinder for 3 turns
  2231 | D:3      | Paralysed by Grinder for 7 turns
  2245 | D:3      | Killed Grinder
  2245 | D:3      | Reached XP level 6. HP: 30/53 MP: 7/7
  2722 | D:4      | Noticed Agorwal's ghost (amateur DECj)
  2772 | D:3      | Reached XP level 7. HP: 23/60 MP: 8/8
  2973 | D:4      | Killed Agorwal's ghost
  2973 | D:4      | Reached skill level 5 in Fighting
  2973 | D:4      | Reached skill level 4 in Armour
  3317 | D:4      | Noticed Blork the orc
  3344 | D:4      | Killed Blork the orc
  3391 | D:4      | Reached XP level 8. HP: 37/68 MP: 10/10
  3706 | D:4      | Noticed a two-headed ogre
  3712 | D:4      | Killed a two-headed ogre
  3712 | D:4      | Reached skill level 5 in Armour
  3712 | D:4      | Reached skill level 1 in Shields
  3994 | D:5      | Entered Level 5 of the Dungeon
  4026 | D:5      | Reached skill level 5 in Axes
  4886 | D:6      | Noticed Pikel
  4992 | D:5      | Reached skill level 5 in Invocations
  5079 | D:5      | Killed Pikel
  5079 | D:5      | Reached skill level 6 in Armour
  5079 | D:5      | Reached XP level 9. HP: 66/75 MP: 10/12
  5150 | D:6      | Found a glowing drain.
  5158 | D:6      | Reached *** piety under Lugonu
  5168 | Sewer    | Entered a sewer
  5307 | Sewer    | Found a white marble altar of Elyvilon.
  5722 | D:6      | Found a runed door.
  5827 | D:6      | Noticed Edmund
  5853 | D:6      | Killed Edmund
  5943 | D:6      | Noticed Menkaure
  5956 | D:6      | Reached **** piety under Lugonu
  5964 | D:6      | Killed Menkaure
  6289 | D:6      | Noticed Crazy Yiuf
  6297 | D:6      | Killed Crazy Yiuf
  6528 | D:7      | Reached skill level 7 in Armour
  6713 | D:7      | Reached XP level 10. HP: 84/84 MP: 13/13
  6740 | D:7      | Found a blossoming altar of Fedhas.
  6757 | D:7      | Found a staircase to the Ecumenical Temple.
  7422 | D:8      | Noticed Agorwal's ghost (novice MiGl)
  7488 | D:8      | Killed Agorwal's ghost
  7488 | D:8      | Reached skill level 1 in Throwing
  7534 | D:8      | Reached skill level 8 in Armour
  8139 | D:8      | You fall through a shaft for 2 floors!
  8139 | D:10     | Entered Level 10 of the Dungeon
  8210 | D:9      | Found an iron altar of Okawaru.
  8380 | D:8      | Got a warped helmet
  8386 | D:8      | Identified the +2 helmet "Voboh" {rF++} (You found it on level 8 of the Dungeon)
  8712 | D:9      | Noticed Erica
  8749 | D:9      | Killed Erica
  8809 | D:9      | Noticed Maurice
  8810 | D:9      | Noticed Joseph
  8860 | D:8      | Reached XP level 11. HP: 30/92 MP: 15/15
  9034 | D:9      | Reached ***** piety under Lugonu
  9167 | D:9      | Killed Joseph
  9167 | D:9      | Reached skill level 9 in Armour
  9398 | D:9      | Found a white marble altar of Elyvilon.
  9399 | D:9      | Found a snail-covered altar of Cheibriados.
  9406 | D:9      | Found a shattered altar of Ashenzari.
  9677 | D:9      | Found a basalt altar of Yredelemnul.
 10007 | D:10     | Noticed Fannar
 10061 | D:10     | Killed Fannar
 10548 | D:10     | Noticed a hill giant
 10576 | D:10     | Killed a hill giant
 10878 | D:11     | Found a staircase to the Lair.
 11331 | D:11     | Noticed a hill giant
 11355 | D:11     | Killed a hill giant
 11509 | D:11     | Noticed a green ugly thing
 11535 | D:11     | Killed a green ugly thing
 11592 | D:11     | Noticed a cyclops
 11610 | D:11     | Killed a cyclops
 11657 | D:11     | Reached skill level 10 in Armour
 11709 | D:11     | Got a translucent spear
 11710 | D:11     | Identified the +10 spear of the Enchanted Forest {flame, *Corrode rElec rF+++ Int-2} (You found it on level 11 of the Dungeon)
 11745 | D:11     | Reached XP level 12. HP: 91/103 MP: 17/17
 11902 | D:11     | Found a staircase to the Orcish Mines.
 12016 | D:11     | Noticed a death knight
 12065 | D:10     | Killed a death knight
 12065 | D:10     | Reached skill level 1 in Polearms
 12719 | Lair:1   | Entered Level 1 of the Lair of Beasts
 13010 | Lair:1   | Noticed an eight-headed hydra
 13018 | Lair:1   | Killed an eight-headed hydra
 13341 | Lair:1   | Reached ****** piety under Lugonu
 13341 | Lair:1   | Reached skill level 5 in Shields
 13968 | Lair:2   | Noticed an eight-headed hydra
 13986 | Lair:2   | Killed an eight-headed hydra
 14345 | Lair:2   | Noticed a five-headed hydra
 14353 | Lair:2   | Killed a five-headed hydra
 14353 | Lair:2   | Reached skill level 10 in Invocations
 14474 | Lair:2   | Noticed Turtleman12345's ghost (journeyman MiFi)
 14497 | Lair:2   | Banished Turtleman12345's ghost
 14497 | Lair:2   | Reached XP level 13. HP: 26/109 MP: 14/19
 15087 | Lair:2   | Reached skill level 5 in Polearms
 15087 | Lair:2   | Reached skill level 11 in Armour
 16822 | Lair:4   | Found a staircase to the Shoals.
 16870 | Lair:4   | Found a staircase to the Snake Pit.
 17645 | Lair:5   | Got an encrusted glaive
 17646 | Lair:5   | Identified the +7 glaive "Qionuz" {protect, rElec Str+2} (You found it on level 5 of the Lair of Beasts)
 18492 | Lair:6   | Entered Level 6 of the Lair of Beasts
 18641 | Lair:6   | Reached skill level 12 in Armour
 18734 | Lair:6   | Reached XP level 14. HP: 110/119 MP: 21/21
 18951 | Lair:6   | Reached skill level 10 in Fighting
 19497 | Lair:6   | HP: 3/121 [seven-headed hydra (10)]
 19497 | Lair:6   | Slain by a seven-headed hydra

Skill      XL: |  1  2  3  4  5  6  7  8  9 10 11 12 13 14 |
---------------+-------------------------------------------+-----
Dodging        | 1 2 |  2.6
Armour         | 2 3 4 6 7 8 10 12 | 12.3
Axes           | 2 3 4 5 7 8 9 |  9.7
Fighting       | 4 5 6 7 8 9 10 | 10.1
Invocations    | 3 4 5 6 7 8 10 11 | 11.8
Shields        | 1 2 3 4 5 6 |  6.8
Throwing       | 1 |  1.0
Polearms       | 4 7 |  7.6

Action                   |  1- 3 |  4- 6 |  7- 9 | 10-12 | 13-15 || total
-------------------------+-------+-------+-------+-------+-------++-------
Melee: Hand axe          |   126 |   141 |   313 |   899 |       ||  1479
       War axe           |       |    37 |   209 |       |     9 ||   255
       Spear             |       |       |       |   338 |   818 ||  1156
Throw: Tomahawk          |       |       |     6 |     4 |       ||    10
       Javelin           |       |       |       |     3 |     1 ||     4
Invok: Depart the Abyss  |     1 |       |       |       |       ||     1
       Banish            |       |       |       |     1 |     6 ||     7
       Bend Space        |       |       |       |       |     2 ||     2
  Use: Scroll            |     6 |     7 |     4 |    10 |     3 ||    30
       Potion            |       |     2 |     5 |     4 |     1 ||    12
  Eat: Chunk             |    14 |    12 |    45 |   120 |   111 ||   302
       Meat ration       |       |       |       |     2 |       ||     2
Armor: Chain mail        |    92 |    61 |       |       |       ||   153
       Plate armour      |       |    83 |   425 |   708 |   511 ||  1727
Dodge: Dodged            |    51 |    87 |   170 |   288 |   179 ||   775
Block: Buckler           |       |    13 |    78 |   140 |       ||   231
       Shield            |       |       |       |   297 |   362 ||   659
       Large shield      |       |       |       |       |    81 ||    81
